 Dungeon Crawl Stone Soup version 0.23-a0-344-ge122d05 (webtiles) character file.

517 Loudmushroom the Covered (level 7, -5/44 HPs)
             Began as a Gargoyle Fighter on Oct 19, 2018.
             Slain by an ogre
             ... wielding a +0 giant spiked club
              (8 damage)
             ... on level 4 of the Dungeon.
             The game lasted 00:18:02 (4189 turns).

Loudmushroom the Covered (Gargoyle Fighter)         Turns: 4189, Time: 00:18:03

Health: -5/44      AC: 17    Str: 21    XL:     7   Next: 20%
Magic:  7/7        EV:  4    Int:  9    God:
Gold:   153        SH:  9    Dex:  9    Spells: 6/6 levels left

rFire    . . .     SeeInvis .   a - +0 war axe
rCold    . . .     Gourm    .   c - +0 shield
rNeg     + . .     Faith    .   r - +0 plate armour
rPois    ∞         Spirit   .   (no helmet)
rElec    +         Reflect  .   (no cloak)
rCorr    .         Harm     .   (no gloves)
MR       .....                  (no boots)
Stlth    ..........             (no amulet)
HPRegen  0.14/turn              (no ring)
MPRegen  0.10/turn              (no ring)

@: no status effects
A: negative energy resistance 1, electricity resistance, unbreathing,
petrification resistance, rot immunity, AC +4
a: no special abilities


You were on level 4 of the Dungeon.
You were not hungry.

You visited 1 branch of the dungeon, and saw 4 of its levels.

You collected 153 gold pieces.

Inventory:

Hand Weapons
 a - a +0 war axe (weapon)
 b - a +0 hunting sling
 w - a +0 flail
Missiles
 e - 160 stones
 g - 8 tomahawks (quivered)
 k - 18 poisoned needles
 s - 4 curare-tipped needles
Armour
 c - a +0 shield (worn)
 r - a +0 plate armour (worn)
Jewellery
 m - an uncursed ring of protection from magic {unknown}
Wands
 x - a wand of iceblast (5)
Scrolls
 h - 4 scrolls of identify {unknown}
 l - a scroll of fog {unknown}
 o - a scroll of teleportation {unknown}
 q - a scroll of enchant weapon {unknown}
 u - a scroll of enchant armour {unknown}
 v - a scroll of noise {unknown}
 y - a scroll of amnesia {unknown}
Potions
 d - a potion of might
 i - 2 potions of degeneration {unknown}
 j - 2 potions of curing {unknown}
 n - a potion of agility {unknown}
 p - 4 potions of brilliance {unknown}
 t - a potion of flight {unknown}
Comestibles
 f - 9 rations
 z - 4 chunks of flesh


   Skills:
 + Level 4.8 Fighting
 * Level 4.5 Axes
 + Level 4.9 Armour
 + Level 4.8 Shields


You had 6 spell levels left.
You didn't know any spells.
Your spell library was empty.

Dungeon Overview and Level Annotations

Branches:
Dungeon (4/15)
 Temple: D:4-7

Altars:
Ru
Wu Jian
Zin


Innate Abilities, Weirdness & Mutations

You are resistant to torment.
Your stone body is resilient. (AC +4)
You are immune to poison.
You resist negative energy. (rN+)
You are resistant to electric shocks. (rElec)
You can survive without breathing.
You are immune to petrification.
You are immune to rotting.


Message History

Aim: an ogre, wielding a +0 giant spiked club (moderately wounded)
You throw a tomahawk. The tomahawk hits the ogre.
The ogre is heavily wounded.
You hit the ogre but do no damage.
The ogre is heavily wounded.
The ogre hits you with a +0 giant spiked club!
You closely miss the ogre.
The ogre is heavily wounded.
You block the ogre's attack.
You hit the ogre.
The ogre is heavily wounded.
The ogre hits you with a +0 giant spiked club!
You completely miss the ogre.
The ogre is heavily wounded.
The ogre hits you with a +0 giant spiked club!
* * * LOW HITPOINT WARNING * * *
You hit the ogre.
The ogre is severely wounded.
The ogre hits you with a +0 giant spiked club!
You die...

...#
#.....##...'...##.#
...#
####...##.....##.##
.###
#....##.8.##..# .##
#.....##.##..## ..#
#......#+#..## #.#
#.......+..## ###
#.........##
...######).......##
.(.((..O@#########
.........#
.........#
.........#
#.######## #


You could see an ogre.

Vanquished Creatures
  Grinder (D:4)
  2 orc priests (D:3)
  An iguana (D:3)
  An orc wizard (D:2)
  A worker ant (D:4)
  9 adders
  A howler monkey skeleton (D:4)
  2 worms (D:3)
  3 dart slugs
  4 leopard geckos (D:2)
  7 orcs
  2 ball pythons
  7 bats
  A giant cockroach (D:2)
  7 hobgoblins
  2 jackals (D:2)
  13 kobolds
  2 quokkas (D:4)
  3 frilled lizards
  7 goblins
  7 rats
83 creatures vanquished.

Notes
Turn   | Place    | Note
-------+----------+-------------------------------------------
     0 | D:1      | Loudmushroom the Gargoyle Fighter began the quest for the
                  | Orb.
     0 | D:1      | Reached XP level 1. HP: 14/14 MP: 1/1
     7 | D:1      | Noticed a minotaur skeleton
    15 | D:1      | Noticed a minotaur skeleton
    19 | D:1      | Noticed a minotaur skeleton
   223 | D:1      | Reached XP level 2. HP: 19/19 MP: 2/2
   564 | D:1      | Reached XP level 3. HP: 13/23 MP: 3/3
  1258 | D:2      | Reached XP level 4. HP: 29/29 MP: 4/4
  1350 | D:2      | Found a glowing silver altar of Zin.
  1806 | D:2      | Found a sacrificial altar of Ru.
  1806 | D:2      | Found an ornate altar of the Wu Jian Council.
  2594 | D:3      | Reached XP level 5. HP: 16/33 MP: 5/5
  3193 | D:3      | Reached XP level 6. HP: 38/38 MP: 6/6
  3673 | D:4      | Noticed Grinder
  3823 | D:4      | Paralysed by Grinder for 5 turns
  3840 | D:4      | Paralysed by Grinder for 6 turns
  3848 | D:4      | Killed Grinder
  3848 | D:4      | Reached XP level 7. HP: 17/44 MP: 7/7
  4189 | D:4      | Slain by an ogre

Vault maps used:
D:1:      shiori_arrival_whats_in_store_for_you, minmay_quantized
D:2:      zin_statuary, gammafunk_temple_overflow_wave, first_ration
D:4:      minitemple, temple_statues, grunt_decor_arrowhead,
          okawaru_ov_weapons_minmay, uniq_blork_the_orc, uniq_grinder

Skill      XL: |  1  2  3  4  5  6 |
---------------+-------------------+-----
Axes           | 2 3 4 |  4.5
Armour         | 4 |  4.9
Fighting       | 4 |  4.8
Shields        | 4 |  4.8

Action                   |  1- 3 |  4- 6 |  7- 9 || total
-------------------------+-------+-------+-------++-------
Melee: War axe           |   139 |   199 |    25 ||   363
Throw: Tomahawk          |       |       |     4 ||     4
  Eat: Chunk             |     1 |     9 |     1 ||    11
Armor: Scale mail        |    52 |       |       ||    52
       Plate armour      |    46 |   159 |    13 ||   218
Dodge: Dodged            |    34 |    31 |     5 ||    70
Block: Shield            |    97 |   120 |     9 ||   226

Table legend:
 A = Non-vault XP
 B = Vault XP
 C = Vault XP percentage of total XP
 D = Non-vault monster count
 E = Vault monster count
 F = Vault count percentage of total count
                 A         B        C        D         E       F
            +---------+---------+-------+---------+---------+-------
      Total |     454 |     285 |  38.6 |      78 |       5 |   6.0
            +---------+---------+-------+---------+---------+-------
        D:1 |      32 |       8 |  20.0 |      20 |       4 |  16.7
        D:2 |     165 |       0 |   0.0 |      33 |       0 |   0.0
        D:3 |     202 |       0 |   0.0 |      19 |       0 |   0.0
        D:4 |      55 |     277 |  83.4 |       6 |       1 |  14.3
            +---------+---------+-------+---------+---------+-------
